 Dungeon Sprint DCSS version bcrawl-1.15.1 (webtiles) character file.

Game seed: 13556004935905750621

2989 Kerapac the Warrior (level 9, 0/100 HPs)
             Began as a Hill Orc Archaeologist on Oct 5, 2019.
             Was a High Priest of Okawaru.
             Slain by a vampire knight
             ... wielding a +2 war axe of electrocution
              (4 damage)
             ... while paralysed by a vampire knight
             ... in the Dungeon (Sprint VII: "The Pits").
             The game lasted 00:06:32 (998 turns).

Kerapac the Warrior (Hill Orc Archaeologist)         Turns: 998, Time: 00:06:32

Health: 0/100      AC: 22    Str: 17    XL:     9   Next: 83%
Magic:  14/14      EV:  2    Int: 14    God:    Okawaru [*****.]
Gold:   0          SH:  0    Dex:  9    Spells: 8/8 levels left

rFire    . . .     SeeInvis +   f - +8 glaive of the Guard {elec, +Rage AC+5 SInv}
rCold    . . .     Gourm    .   (shield currently unavailable)
rNeg     . . .     Faith    .   i - +3 chain mail
rPois    .         Spirit   .   c - +1 hat
rElec    .         Reflect  .   (no cloak)
rCorr    .         Harm     .   (no gloves)
MR       .....     NoTele   +   d - +1 pair of boots
Stlth    ..........             (no amulet)
HPRegen  0.26/turn              (no ring)
MPRegen  0.14/turn              (no ring)

@: paralysed, berserk cooldown, very slightly contaminated, hasted and slowed
A: no striking features
a: Heroism, Finesse, Renounce Religion, Evoke Berserk Rage


You were in the Dungeon.
You worshipped Okawaru.
Okawaru was extremely pleased with you.
You were not hungry.

You visited 1 branch

Inventory:

Hand Weapons
 a - a +0 whip
 f - the +8 glaive of the Guard (weapon) {elec, +Rage AC+5 SInv} Occasionally, upon striking a foe, it will discharge some electrical energy and cause terrible harm. It affects your AC (+5). It lets you see invisible. It lets you go berserk.
 n - a +2 mace
Armour
 b - a +1 robe
 c - a +1 hat (worn)
 d - a +1 pair of boots (worn)
 i - a +3 chain mail (worn)
Scrolls
 m - a scroll of blinking
 p - 2 scrolls of vulnerability
 q - 3 scrolls of remove curse
 r - 5 scrolls of amnesia
 s - a scroll of summoning
Potions
 e - 2 potions of heal wounds
 h - 6 potions of curing
 k - 4 potions of magic
 l - 2 potions of berserk rage
Comestibles
 g - 9 rations {!d}


   Skills:
 * Level 15.9 Fighting
   Level 15.9 Short Blades
   Level 15.9 Long Blades
   Level 15.9 Axes
   Level 15.9 Maces & Flails
   Level 15.9 Polearms
   Level 15.9 Staves
 + Level 8.4 Armour
 - Level 2.4 Dodging
 - Level 2.6 Stealth
   Level 15.9 Unarmed Combat
 + Level 0.0 Invocations
 - Level 7.6 Evocations


You had 8 spell levels left.
You didn't know any spells.
Your spell library was empty.

Dungeon Overview and Level Annotations

Branches:
Dungeon (1/1)

Altars:
Ashenzari
Cheibriados
Dithmenos
Elyvilon
Fedhas
Gozag
Hepliaklqana
Kikubaaqudgha
Lugonu
Makhleb
Nemelex Xobeh
Okawaru
Qazlal
Ru
Sif Muna
Trog
Uskayaw
Vehumet
Wu Jian
Xom
Yredelemnul
Zin
The Shining One
Beogh
Jiyva


Message History

The vampire knight seems to speed up.
You hit the vampire knight.
Lightning courses through the vampire knight!!
The vampire knight is almost destroyed.
The vampire knight gestures at you while chanting.
You suddenly lose the ability to move!
You flicker back into view.
The vampire knight hits you with a +2 war axe of electrocution.
The vampire knight bites you but does no damage.
The vampire knight completely misses you.
The vampire knight barely misses you.
The vampire knight is infused with unholy energy.
* * * LOW HITPOINT WARNING * * *
The vampire knight draws life force from you and is healed!
The vampire knight is infused with unholy energy.
* * * LOW HITPOINT WARNING * * *
The vampire knight draws life force from you and is healed!
The vampire knight barely misses you. x2
The vampire knight hits you with a +2 war axe of electrocution.
You die...

###################
..................+
....)....†........+
################..#
'# #(.# #H# #..#
##O# #..# # #S#
#@.# # #W# #V.#
################..#
..................#
..................#
# #####''##########
#######''######
..............#
....#..#......#


You could see a vampire knight.

Vanquished Creatures
  A minotaur (D)
  An eidolon (D)
  A rime drake (D)
  A demonic crawler (D)
  A bog body (D)
  A floating eye (D)
  2 scorpions (D)
  2 crimson imps (D)
  A quasit (D)
  A hound (D)
  A gnoll shaman (D)
  An iguana (D)
  A worker ant (D)
  6 gnolls (D)
  An adder (D)
  An orc (D)
  A goblin (D)
  4 jackals (D)
  A kobold (D)
  A quokka (D)
  2 ball pythons (D)
  A ball python skeleton (D)
  2 frilled lizards (D)
  A jackal skeleton (D)
36 creatures vanquished.

Vanquished Creatures (others)
  A two-headed ogre (D)
  A sea snake (D)
  A giant cockroach (D)
3 creatures vanquished.

Grand Total: 39 creatures vanquished

Notes
Turn   | Place    | Note
-------+----------+-------------------------------------------
     0 | D        | Kerapac the Hill Orc Archaeologist began the quest for the
                  | Orb.
     0 | D        | Reached XP level 1. HP: 15/15 MP: 1/1
    29 | D        | Reached skill level 1 in Fighting
    58 | D        | Found a bloodstained altar of Trog.
    58 | D        | Found a shimmering blue altar of Sif Muna.
    58 | D        | Found a viscous altar of Jiyva.
    58 | D        | Found a hazy altar of Hepliaklqana.
    58 | D        | Found an opulent altar of Gozag.
    59 | D        | Found a glowing golden altar of the Shining One.
    59 | D        | Found a glowing silver altar of Zin.
    59 | D        | Found a basalt altar of Yredelemnul.
    59 | D        | Found a shimmering altar of Xom.
    59 | D        | Found an ornate altar of the Wu Jian Council.
    59 | D        | Found a sacrificial altar of Ru.
    59 | D        | Found a stormy altar of Qazlal.
    59 | D        | Found an iron altar of Okawaru.
    59 | D        | Found a sparkling altar of Nemelex Xobeh.
    59 | D        | Found a burning altar of Makhleb.
    59 | D        | Found a blossoming altar of Fedhas.
    59 | D        | Found a white marble altar of Elyvilon.
    59 | D        | Found a shadowy altar of Dithmenos.
    59 | D        | Found a snail-covered altar of Cheibriados.
    60 | D        | Found a radiant altar of Vehumet.
    60 | D        | Found a corrupted altar of Lugonu.
    60 | D        | Found a roughly hewn altar of Beogh.
    61 | D        | Found an ancient bone altar of Kikubaaqudgha.
    61 | D        | Found a hide-covered altar of Uskayaw.
    61 | D        | Found a shattered altar of Ashenzari.
    65 | D        | Became a worshipper of Warmaster Okawaru
    75 | D        | Noticed a worker ant
    85 | D        | Killed a worker ant
    85 | D        | Reached skill level 4 in Fighting
    85 | D        | Reached XP level 2. HP: 13/28 MP: 2/2
    85 | D        | Reached XP level 3. HP: 16/34 MP: 3/3
    87 | D        | Reached skill level 5 in Fighting
   299 | D        | Noticed a floating eye
   312 | D        | Reached skill level 7 in Fighting
   312 | D        | Reached XP level 4. HP: 47/47 MP: 4/4
   326 | D        | Reached * piety under Okawaru
   326 | D        | Reached skill level 8 in Fighting
   330 | D        | Killed a floating eye
   330 | D        | Reached skill level 10 in Fighting
   330 | D        | Reached XP level 5. HP: 55/59 MP: 5/5
   331 | D        | Reached XP level 6. HP: 58/67 MP: 6/6
   333 | D        | Reached skill level 11 in Fighting
   419 | D        | Noticed a rime drake
   420 | D        | Killed a rime drake
   420 | D        | Reached ** piety under Okawaru
   420 | D        | Reached skill level 13 in Fighting
   420 | D        | Reached XP level 7. HP: 78/79 MP: 7/7
   438 | D        | Noticed a demonic crawler
   572 | D        | Killed a demonic crawler
   572 | D        | Reached *** piety under Okawaru
   572 | D        | Reached skill level 14 in Fighting
   572 | D        | Reached XP level 8. HP: 28/89 MP: 7/9
   627 | D        | Noticed a bog body
   823 | D        | Killed a bog body
   932 | D        | Noticed a minotaur
   932 | D        | Noticed a sea snake
   936 | D        | Noticed an eidolon
   937 | D        | Noticed a two-headed ogre
   952 | D        | Killed a two-headed ogre
   960 | D        | Killed a sea snake
   960 | D        | Reached skill level 5 in Armour
   960 | D        | Reached skill level 5 in Evocations
   966 | D        | Killed an eidolon
   966 | D        | Reached **** piety under Okawaru
   966 | D        | Reached skill level 15 in Fighting
   966 | D        | Reached XP level 9. HP: 22/97 MP: 11/13
   985 | D        | Killed a minotaur
   985 | D        | Reached ***** piety under Okawaru
   987 | D        | Noticed a vampire knight
   994 | D        | Paralysed by a vampire knight for 4 turns
   997 | D        | HP: 4/100 [vampire knight/vampiric draining (14)]
   998 | D        | Slain by a vampire knight

Skill      XL: |  1  2  3  4  5  6  7  8  9 |
---------------+----------------------------+-----
Fighting       | 4 7 10 13 14 15 | 15.9
Armour         | 2 6 8 |  8.4
Evocations     | 2 6 7 |  7.6
Short Blades   | | 15.9
Long Blades    | | 15.9
Axes           | | 15.9
Maces & Flails | | 15.9
Polearms       | | 15.9
Staves         | | 15.9
Dodging        | |  2.4
Stealth        | |  2.6
Unarmed Combat | | 15.9

Action                   |  1- 3 |  4- 6 |  7- 9 || total
-------------------------+-------+-------+-------++-------
Melee: Mace              |    10 |     4 |       ||    14
       Whip              |     3 |       |       ||     3
       Glaive            |       |    22 |    66 ||    88
  Use: Potion            |     1 |       |     7 ||     8
 Stab: Sleeping          |       |     1 |       ||     1
       Invisible         |       |       |     2 ||     2
Armor: Robe              |     3 |    14 |    12 ||    29
       Chain mail        |       |       |    18 ||    18
Dodge: Dodged            |     8 |    15 |    39 ||    62
